AoeStats
← BigOleChunguss

Arena

510409508Analyzed
2v2 RM · 23h ago on Sep 30, 2026· 52m 46s· 4 players
Game mode
Random Map
Map size
Medium (4 player)
Population
200
Speed
Normal
Resources
Standard
Victory
Conquest
Starting age
Dark Age
Ending age
Imperial Age
RankedLock teamsTeams togetherTeam positionsShared explorationLock speedFull tech treeHidden civsTurbo modeCheats
Victory
Defeat
🇦🇺 Italians · Australia
1059
+16
🇺🇸 Byzantines · United States
1043
+16
🇮🇹 Byzantines · Italy
1054
-16
🇮🇹 Franks · Italy
1053
-16
BigOleChunguss
11:11 Feudal Age
10:39 Loom
15:17 Castle Age
13:17 Double-Bit Axe
21:21 Wheelbarrow
21:20 Fervor
21:23 Gold Mining
23:04 Sanctity
24:41 Hand Cart
26:05 Horse Collar
26:51 Bow Saw
26:56 Fletching
27:45 Gold Shaft Mining
30:45 Imperial Age
28:54 Treadmill Crane
29:34 Bodkin Arrow
30:24 Ballistics
32:32 Chemistry
33:50 Bracer
34:53 Padded Archer Armor
47:45 Pikeman
48:46 Forging
48:37 Scale Mail Armor
48:44 Gambesons
49:00 Squires
48:45 Arson
49:34 Halberdier
50:39 Chain Mail Armor
51:00 Iron Casting
Irri
6:53 Loom
10:49 Feudal Age
17:23 Castle Age
15:52 Double-Bit Axe
15:50 Horse Collar
16:05 Gold Mining
20:37 Stone Mining
22:50 Wheelbarrow
25:32 Heavy Plow
27:41 Hand Cart
31:23 Imperial Age
29:44 Bow Saw
30:32 Fletching
30:43 Padded Archer Armor
31:35 Stone Shaft Mining
32:11 Ballistics
31:50 Bodkin Arrow
33:02 Conscription
35:07 Chemistry
33:52 Light Cavalry
36:08 Bracer
36:58 Bloodlines
37:26 Hussar
38:23 Forging
38:29 Leather Archer Armor
39:48 Two-Man Saw
39:34 Crop Rotation
40:23 Scale Barding Armor
42:11 Iron Casting
43:14 Thumb Ring
43:57 Silk Road
46:08 Ring Archer Armor
45:42 Caravan
47:03 Chain Barding Armor
47:14 Cavalier
51:14 Plate Barding Armor
51:40 Blast Furnace
GibbyPompiere
10:31 Feudal Age
8:47 Loom
11:57 Double-Bit Axe
15:32 Castle Age
18:21 Bow Saw
23:27 Pikeman
26:00 Gold Mining
26:07 Stone Mining
30:10 Imperial Age
28:21 Fletching
28:33 Padded Archer Armor
28:07 Crossbowman
30:33 Bodkin Arrow
30:50 Forging
30:47 Scale Barding Armor
34:34 Leather Archer Armor
34:42 Chain Barding Armor
34:58 Iron Casting
35:54 Light Cavalry
40:50 Elite Skirmisher
41:55 Halberdier
47:30 Scale Mail Armor
48:31 Blast Furnace
50:35 Chain Mail Armor
battsimo99
11:24 Feudal Age
15:51 Castle Age
13:41 Double-Bit Axe
14:37 Loom
17:50 Bow Saw
19:08 Horse Collar
24:27 Heavy Plow
28:19 Imperial Age
26:12 Gold Mining
27:09 Wheelbarrow
27:37 Scale Mail Armor
27:28 Fletching
27:52 Forging
28:26 Squires
27:50 Pikeman
30:14 Chemistry
31:06 Hand Cart
35:48 Iron Casting
37:52 Light Cavalry
39:11 Conscription
41:29 Scale Barding Armor
Connection lost

Rejoining the realm…

Still unreachable

The connection could not be restored.

Session expired

The server has moved on; the page needs a fresh start.